 Dungeon Crawl Stone Soup version 0.19-a0-1899-g2d93087 (webtiles) character file.

27567 Jorund the Unseen (level 13, -8/88 HPs)
             Began as an Octopode Assassin on Oct 20, 2016.
             Was a High Priest of Dithmenos.
             Mangled by a five-headed hydra (14 damage)
             ... on level 4 of the Lair of Beasts.
             The game lasted 00:59:54 (15770 turns).

Jorund the Unseen (Octopode Assassin)              Turns: 15770, Time: 00:59:55

Health: -8/88      AC:  1    Str: 10      XL:     13   Next: 33%
Magic:  18/20      EV: 20    Int: 14 (17) God:    Dithmenos [*****.]
Gold:   958        SH:  0    Dex: 14 (15) Spells: 4 memorised, 13 levels left

rFire  . . .     SeeInvis +     M - +2 rapier (distort)
rCold  . . .     Gourm    .     (no shield)
rNeg   . . .     Faith    .     (helmet restricted)
rPois  .         Spirit   .     (no amulet)
rElec  .         Reflect  .     C - ring of see invisible
rCorr  .         Harm     .     H - +3 ring of evasion
MR     .....                    B - ring of wizardry
Stlth  ++++++++++               (no ring)
                                (no ring)
                                (no ring)
                                (no ring)
                                (no ring)

@: wreathed by umbra
A: almost no armour, stealthy swim, amphibious, 8 rings, constrict 8, camouflage
1, deterioration 1, gelatinous body 1
a: Shadow Step, Shadow Form, Renounce Religion


You were on level 4 of the Lair of Beasts.
You worshipped Dithmenos.
Dithmenos was extremely pleased with you.
You were not hungry.

You visited 3 branches of the dungeon, and saw 15 of its levels.
You also visited: Sewer.

You collected 958 gold pieces.

Inventory:

Hand Weapons
 b - a +0 blowgun
 e - a +3 dagger of venom
 M - a +2 rapier of distortion (weapon)
Missiles
 c - 79 poisoned needles
 d - 2 curare-tipped needles
 G - 4 needles of confusion
Jewellery
 s - an uncursed ring of ice
 B - a ring of wizardry (on tentacle)
 C - a ring of see invisible (left tentacle)
 H - a +3 ring of evasion (right tentacle)
Wands
 a - a wand of disintegration (0/24)
 m - a wand of polymorph (4/24)
 p - a wand of paralysis (0/24)
 w - a wand of lightning (7/15)
 A - a wand of iceblast (2/15)
 K - a wand of digging (17/24)
Scrolls
 j - 4 scrolls of magic mapping
 k - 4 scrolls of amnesia
 l - 5 scrolls of remove curse
 q - 3 scrolls of recharging
 y - 2 scrolls of fog
 D - 3 scrolls of identify
Potions
 g - 3 potions of brilliance
 o - a potion of flight
 r - a potion of cancellation
 t - 3 potions of ambrosia
 z - 2 potions of curing
 E - a potion of magic
Comestibles
 f - 10 bread rations
 h - 4 meat rations
 n - 4 fruits
 v - 9 beef jerkies
 I - 2 slices of pizza
 J - 2 royal jellies


   Skills:
 + Level 8.3 Fighting
 + Level 12.8 Short Blades
 - Level 5.0 Throwing
 + Level 7.2 Dodging
 + Level 15.8 Stealth
 - Level 5.1 Spellcasting
 - Level 4.0 Charms
 - Level 4.4 Translocations


You had 13 spell levels left.
You knew the following spells:

 Your Spells              Type           Power        Failure   Level  Hunger
a - Blink                 Tloc           N/A          1%          2    ##.....
b - Repel Missiles        Chrm/Air       #.....       6%          2    ##.....
c - Shroud of Golubria    Chrm/Tloc      ###.......   2%          2    ##.....
d - Ozocubu's Armour      Chrm/Ice       #.......     10%         3    ###....


Dungeon Overview and Level Annotations

Branches:
Dungeon (10/15)            Temple (1/1) D:5            Lair (4/6) D:10
 Shoals (0/4) Lair:3        Snake (0/4) Lair:3          Orc (0/2) D:10

Altars:
Ashenzari
Cheibriados
Dithmenos
Elyvilon
Fedhas
Gozag
Hepliaklqana
Kikubaaqudgha
Makhleb
Nemelex Xobeh
Okawaru
Qazlal
Ru
Sif Muna
Trog
Uskayaw
Vehumet
Xom
Yredelemnul
Zin
The Shining One

Annotations:
D:3 exclusion: killer bee
D:8 Banto's ghost, novice HuSk
D:10 Nergalle


Innate Abilities, Weirdness & Mutations

You cannot wear most types of armour.
You are very stealthy in the water. (Stealth+)
You are amphibious.
You can wear up to eight rings at the same time.
You can use your tentacles to constrict eight enemies at once.
Your skin changes colour to match your surroundings (Stealth+).
Your rubbery body absorbs attacks. (AC +1, EV +1)
Your body sometimes deteriorates upon taking damage.


Message History

The five-headed hydra completely misses you. x3
The five-headed hydra bites you. The five-headed hydra misses you.
The five-headed hydra closely misses you.
The five-headed hydra bites you!
* * * LOW HITPOINT WARNING * * *
Your body deteriorates!
You feel dopey. The five-headed hydra bites you!!
* * * LOW HITPOINT WARNING * * *
Your body deteriorates!
You feel dopey.
Okay, then.
Okay, then.
Casting: Shroud of Golubria
Confirm with . or Enter, or press ? or * to list all spells.
Okay, then.
Casting: Shroud of Golubria
Confirm with . or Enter, or press ? or * to list all spells.
You blink.
Floosh!
The five-headed hydra misses you. The five-headed hydra bites you!
You die...

.####...........
................
................ Y.#
##..####(......... ..#. ####≈#
####...##.(.[
#.w.#######.##≈####.#....##....
#..............§.≈........##...
..............D≈≈≈≈≈≈..........
#............≈@≈≈≈≈≈≈..........
#............≈≈≈≈≈≈≈≈≈..#......
#........#..≈≈≈≈≈..≈≈≈.........
..........#.#.≈≈≈.<.≈≈≈..##...##
.<........#≈.≈≈≈≈≈.≈≈≈.##....##
##...........≈≈≈≈≈≈≈≈≈≈≈##......
#.............≈≈≈≈≈≈≈≈≈.........
#..............≈≈≈≈≈≈≈≈.........
#P..............≈...≈...#######.


You could see a five-headed hydra.

Vanquished Creatures
  Erolcha (D:9)
  A catoblepas (Lair:2)
  A hydra (Lair:2)
  An unseen horror (D:10)
  3 hill giants
  An obsidian statue (D:10)
  Pikel (D:6)
  2 sirens (Lair:3)
  2 elephants (Lair:3)
  Joseph (D:7)
  2 black mambas
  4 centaur skeletons (D:10)
  A gargoyle (D:10)
  3 spiny frogs
  2 rime drakes (Lair:3)
  2 komodo dragons
  2 merfolk (Lair:3)
  3 trolls
  Prince Ribbit (D:8)
  3 blink frogs (Lair:1)
  4 dream sheep (Lair:3)
  4 hippogriffs
  2 wyverns
  3 basilisks
  22 yaks
  3 hungry ghosts (D:10)
  Menkaure (D:6)
  3 steam dragons
  3 nagas (Lair:3)
  2 insubstantial wisps (D:7)
  2 hell hounds (D:10)
  3 water moccasins
  The ghost of ZeroCool the Sneak, an amateur SpEn (Sewer)
  7 porcupines
  2 black bears (D:10)
  An eye of draining (D:9)
  An ice beast (D:10)
  3 phantoms
  7 sky beasts
  5 orc warriors
  6 ogres
  9 wolves
  A centaur (D:8)
  7 crocodiles
  2 big kobolds
  Blork the orc (D:6)
  A gnoll sergeant (D:7)
  10 bullfrogs
  11 wights
  2 howler monkeys
  2 crimson imps
  Crazy Yiuf (D:7)
  3 hounds
  5 orc priests
  3 jellies
  2 iguanas
  Ijyb (D:3)
  7 worker ants
  9 orc wizards
  A killer bee zombie (D:5)
  A hound skeleton (D:6)
  8 gnolls (D:7)
  2 worker ant zombies
  16 adders
  8 river rats
  5 shadow imps
  2 oozes
  An adder zombie (D:7)
  An adder skeleton (D:9)
  5 worms
  A dart slug (D:4)
  3 leopard geckos
  18 orcs
  9 bats
  4 giant cockroaches
  9 hobgoblins
  16 jackals
  31 kobolds
  3 quokkas
  9 ball pythons
  4 frilled lizards
  14 goblins
  A jackal skeleton (D:7)
  A quokka zombie (D:5)
  20 rats
392 creatures vanquished.

Vanquished Creatures (collateral kills)
  A yak (D:9)
1 creature vanquished.

Vanquished Creatures (others)
  A catoblepas (Lair:3)
  A torpor snail (Lair:3)
  A spiny frog (Lair:4)
  A yak (D:10)
  A naga (Lair:3)
  A water moccasin (Lair:4)
  3 slaves (D:6)
  2 wolves
  An orc priest (D:6)
  An orc wizard (D:6)
  A worker ant (D:6)
  An adder (D:6)
  4 orcs (D:6)
  13 fungi
  4 plants (Lair:3)
36 creatures vanquished.

Grand Total: 429 creatures vanquished

Notes
Turn   | Place    | Note
-------+----------+-------------------------------------------
     0 | D:1      | Jorund the Octopode Assassin began the quest for the Orb.
     0 | D:1      | Reached XP level 1. HP: 14/14 MP: 1/1
    80 | D:1      | Reached XP level 2. HP: 19/19 MP: 2/2
   310 | D:1      | Reached skill level 6 in Stealth
   494 | D:1      | Reached XP level 3. HP: 23/24 MP: 3/3
   716 | D:2      | Reached skill level 7 in Stealth
   837 | D:2      | Reached XP level 4. HP: 29/29 MP: 4/4
   924 | D:2      | Found a faded altar of an unknown god.
  1336 | D:3      | Noticed Ijyb
  1363 | D:3      | Killed Ijyb
  1363 | D:3      | Reached skill level 8 in Stealth
  1363 | D:3      | Reached XP level 5. HP: 21/34 MP: 5/5
  1427 | D:3      | Found a radiant altar of Vehumet.
  2244 | D:4      | Noticed an orc warrior
  2268 | D:4      | Found an iron altar of Okawaru.
  2275 | D:4      | Got an ebony hand axe
  2303 | D:4      | Noticed a phantom
  2383 | D:4      | Got a slimy long sword
  2485 | D:4      | Found a sacrificial altar of Ru.
  2488 | D:4      | Reached skill level 9 in Stealth
  2496 | D:4      | Reached XP level 6. HP: 39/39 MP: 6/6
  2505 | D:4      | Killed a phantom
  2557 | D:4      | Found a glowing drain.
  2561 | Sewer    | Entered a sewer
  2563 | Sewer    | Noticed ZeroCool's ghost (amateur SpEn)
  2638 | Sewer    | Killed ZeroCool's ghost
  2638 | Sewer    | Reached skill level 10 in Stealth
  2921 | Sewer    | Reached XP level 7. HP: 32/45 MP: 7/7
  3716 | D:5      | Entered Level 5 of the Dungeon
  4031 | D:5      | Reached skill level 11 in Stealth
  4034 | D:5      | Reached skill level 5 in Short Blades
  4156 | D:5      | Found a staircase to the Ecumenical Temple.
  4167 | D:5      | Identified the +11 hand axe of the Hand {venom, rN+} (You found it on level 4 of the Dungeon)
  4168 | D:5      | Identified the cursed +2 long sword "Lifebane" {venom, rPois Int-3 Dex+6 Stlth+} (You found it on level 4 of the Dungeon)
  4262 | D:5      | Found a burning altar of Makhleb.
  4376 | D:5      | Reached XP level 8. HP: 51/51 MP: 8/8
  4396 | Temple   | Entered the Ecumenical Temple
  4452 | Temple   | Became a worshipper of Dithmenos the Shadowed
  5418 | D:6      | Noticed Menkaure
  5490 | D:6      | Noticed Pikel
  5498 | D:6      | Killed Pikel
  5498 | D:6      | Reached skill level 12 in Stealth
  5498 | D:6      | Reached XP level 9. HP: 17/58 MP: 9/9
  5930 | D:6      | Noticed Blork the orc
  5939 | D:6      | Reached * piety under Dithmenos
  6241 | D:6      | Killed Blork the orc
  6282 | D:6      | Killed Menkaure
  6813 | D:7      | Found a bloodstained altar of Trog.
  6826 | D:7      | Found a glowing silver altar of Zin.
  6890 | D:7      | Reached skill level 13 in Stealth
  6916 | D:7      | Noticed Joseph
  6922 | D:7      | Killed Joseph
  6939 | D:7      | Found a runed door.
  6943 | D:7      | Noticed Crazy Yiuf
  6947 | D:7      | Killed Crazy Yiuf
  7584 | D:7      | Reached skill level 5 in Fighting
  7584 | D:7      | Reached XP level 10. HP: 48/66 MP: 10/10
  7636 | D:7      | Gained mutation: Your body sometimes deteriorates upon taking damage. [mutagenic meat]
  8095 | D:7      | Reached ** piety under Dithmenos
  8243 | D:8      | Noticed Prince Ribbit
  8266 | D:8      | Reached skill level 14 in Stealth
  8272 | D:8      | Killed Prince Ribbit
  8511 | D:8      | Noticed Banto's ghost (novice HuSk)
  8634 | D:8      | Found a snail-covered altar of Cheibriados.
  9205 | D:9      | Reached skill level 15 in Stealth
  9208 | D:9      | Noticed a hill giant
  9222 | D:9      | Killed a hill giant
  9284 | D:9      | Reached skill level 10 in Short Blades
  9323 | D:9      | Reached XP level 11. HP: 46/72 MP: 11/11
  9363 | D:9      | Reached *** piety under Dithmenos
  9546 | D:9      | Found a deep blue altar of Sif Muna.
  9549 | D:9      | Noticed Erolcha
  9579 | D:9      | Paralysed by Erolcha for 6 turns
  9588 | D:9      | Killed Erolcha
 10155 | D:10     | Entered Level 10 of the Dungeon
 10171 | D:10     | Found a staircase to the Lair.
 10233 | D:10     | Reached skill level 1 in Spellcasting
 10252 | D:10     | Found a staircase to the Orcish Mines.
 10271 | D:10     | Noticed Nergalle
 10315 | D:10     | Reached skill level 5 in Throwing
 10357 | D:10     | Noticed a hill giant
 10387 | D:10     | Killed a hill giant
 10428 | D:10     | Noticed an unseen horror
 10709 | D:10     | Reached **** piety under Dithmenos
 10715 | D:10     | Killed an unseen horror
 10715 | D:10     | Reached skill level 5 in Dodging
 10731 | D:10     | Noticed a hill giant
 10755 | D:10     | Killed a hill giant
 10858 | D:10     | Noticed an obsidian statue
 10984 | D:10     | Learned a level 2 spell: Blink
 10987 | D:10     | Learned a level 2 spell: Repel Missiles
 10990 | D:10     | Learned a level 2 spell: Shroud of Golubria
 11160 | D:10     | Reached XP level 12. HP: 77/82 MP: 17/17
 11299 | D:10     | Noticed a soul eater
 11313 | D:10     | Reached skill level 1 in Charms
 11313 | D:10     | Reached skill level 1 in Translocations
 11530 | D:10     | Got a transparent long sword
 11682 | Lair:1   | Entered Level 1 of the Lair of Beasts
 11687 | Lair:1   | Learned a level 3 spell: Ozocubu's Armour
 13023 | Lair:2   | Noticed a catoblepas
 13035 | Lair:2   | Killed a catoblepas
 13035 | Lair:2   | Reached skill level 5 in Spellcasting
 13302 | Lair:2   | Noticed a five-headed hydra
 13319 | Lair:2   | Killed a five-headed hydra
 13438 | Lair:3   | Reached ***** piety under Dithmenos
 13444 | Lair:3   | Noticed a catoblepas
 13461 | Lair:3   | Banished a catoblepas
 13480 | Lair:3   | Found a staircase to the Shoals.
 13610 | Lair:3   | Found a staircase to the Snake Pit.
 13891 | Lair:3   | Reached XP level 13. HP: 88/88 MP: 20/20
 15770 | Lair:4   | Mangled by a five-headed hydra

Vault maps used:
D:1:      dpeg_arrival_central, minmay_misc_feat_plants
D:2:      ecumenical_altar_2
D:3:      kennysheep_the_goblin_king, vehumet_crystals, first_bread
D:4:      nicolae_ru_great_annihilating_truth, okawaru_ov_weapons_minmay,
          gup_sewer_entry_bowl, minmay_misc_feat_pillars, minmay_fountain_box
D:5:      makhleb_grotto_becter, minivault_11
D:6:      minmay_misc_feat_columns, uniq_blork_the_orc, uniq_menkaure,
          uniq_pikel
D:7:      minitemple, grunt_ogre_cave, hangedman_misty_isle,
          uniq_crazy_yiuf_cottage, uniq_joseph
D:8:      st_stairs_6, chei_slow_surprise, uniq_prince_ribbit1
D:9:      basic_altar, uniq_erolcha
D:10:     minmay_ornate_pinched, minmay_lair_entry_lava, minivault_15,
          nrook_uturn, uniq_nergalle
Temple:   eino_wide_crystal_templ
Lair:3:   elwin_shoals_entry_stream, guppyfry_snake_entry_garden
Lair:4:   infiniplex_staircase_pool_2
Sewer:    sewer_minmay_treatment

Skill      XL: |  1  2  3  4  5  6  7  8  9 10 11 12 13 |
---------------+----------------------------------------+-----
Stealth        | 6 7 8 9 10 11 12 13 15 | 15.8
Short Blades   | 3 4 5 7 9 10 11 12 | 12.8
Fighting       | 3 5 6 7 8 |  8.3
Dodging        | 2 4 5 6 7 |  7.2
Throwing       | 3 5 |  5.0
Spellcasting   | 3 5 |  5.1
Charms         | 4 |  4.0
Translocations | 3 4 |  4.4

Action                   |  1- 3 |  4- 6 |  7- 9 | 10-12 | 13-15 || total
-------------------------+-------+-------+-------+-------+-------++-------
Melee: Dagger            |    53 |   124 |   292 |   341 |       ||   810
       Constrict         |    11 |    19 |    56 |    46 |    17 ||   149
       Tentacles         |     7 |    10 |    65 |    89 |    41 ||   212
       Rapier            |       |       |       |   124 |   187 ||   311
 Fire: Blowgun           |       |       |     3 |    25 |       ||    28
 Cast: Shroud of Golubri |       |       |       |     2 |       ||     2
       Ozocubu's Armour  |       |       |       |     1 |       ||     1
       Repel Missiles    |       |       |       |     1 |       ||     1
       Blink             |       |       |       |       |     1 ||     1
Evoke: Wand              |       |     2 |     6 |    17 |     6 ||    31
  Use: Scroll            |       |    13 |     9 |    10 |       ||    32
       Potion            |       |     4 |     7 |    14 |     2 ||    27
 Stab: Sleeping          |    14 |    17 |    28 |    70 |     3 ||   132
       Paralysed         |       |     1 |     2 |     5 |       ||     8
       Distracted        |       |       |     3 |     7 |     1 ||    11
  Eat: Chunk             |       |     6 |    13 |    22 |     6 ||    47
       Beef jerky        |       |       |     1 |       |       ||     1
Armor: Skin              |     6 |     5 |     1 |     4 |     3 ||    19
Dodge: Dodged            |    28 |    56 |   116 |   237 |   156 ||   593
       Deflected         |       |       |       |       |     1 ||     1
